 Dungeon Crawl Stone Soup version 0.31.0-11-ge490571c62 (webtiles) character file.

Game seed: 10962693752236687156

390 cdecastro the Arsonist (level 6, -6/32 HPs)
             Began as a Deep Elf Fire Elementalist on Feb 7, 2024.
             Was a Believer of Cheibriados.
             Killed by divine providence
             ... invoked by an orc priest
              (12 damage)
             ... on level 4 of the Dungeon.
             The game lasted 00:05:54 (3622 turns).

cdecastro the Arsonist (Deep Elf Fire Elementalist) Turns: 3622, Time: 00:05:55

Health: -6/32      AC:  4    Str: 10    XL:     6   Next: 50%
Magic:  18/31      EV: 13    Int: 27    God:    Cheibriados [**....]
Gold:   155        SH:  0    Dex: 20    Spells: 9/12 levels left

rFire   + . .        q - +2 dagger (freeze)
rCold   . . .        (no shield)
rNeg    . . .        m - +2 robe {rF+}
rPois   .            (no helmet)
rElec   .            n - scarf {repulsion}
rCorr   .            (no gloves)
SInv    .            (no boots)
Will    .....        (no amulet)
Stlth   +            d - ring of magical power
HPRegen 0.25/turn    a - ring of magical power
MPRegen 0.22/turn

%: repel missiles
@: confused, very slow
A: no striking features
a: Renounce Religion, Bend Time


You were on level 4 of the Dungeon.
You worshipped Cheibriados.
Cheibriados was pleased with you.
You visited 1 branch of the dungeon, and saw 4 of its levels.

You collected 155 gold pieces.

Inventory:

Hand Weapons
 q - a +2 dagger of freezing (weapon)
Armour
 m - a +2 robe of fire resistance (worn)
 n - a scarf of repulsion (worn)
Jewellery
 a - a ring of magical power (right hand)
 d - a ring of magical power (left hand)
 o - a ring of protection from cold
Scrolls
 c - a scroll of teleportation {unknown}
 e - a scroll of amnesia {unknown}
 f - 5 scrolls of identify {unknown}
 g - a scroll of enchant weapon {unknown}
 p - a scroll of revelation {unknown}
Potions
 b - a potion of magic
 h - 2 potions of attraction {unknown}
 i - 2 potions of resistance {unknown}
 j - 2 potions of curing {unknown}
 k - a potion of brilliance {unknown}
 l - a potion of mutation {unknown}


   Skills:
 - Level 2.4 Dodging
 - Level 2.4 Stealth
 + Level 3.6 Spellcasting
 - Level 1.1 Conjurations
 - Level 8.0 Fire Magic


You had 9 spell levels left.
You knew the following spells:

 Your Spells              Type           Power      Damage    Failure   Level
a - Foxfire               Conj/Fire      100%       2x1d9     1%          1
b - Scorch                Fire           96%        2d9       1%          2

Your spell library contained the following spells:

 Spells                   Type           Power      Damage    Failure   Level
 Inner Flame              Hex/Fire       26%        N/A       4%          3
 Volatile Blastmotes      Fire/Tloc      52%        2d14      4%          3
 Momentum Strike          Conj/Tloc      14%        3d8       10%         2
 Static Discharge         Conj/Air       14%        3-4/arc   10%         2
 Blink                    Tloc           8%         N/A       13%         2
 Lesser Beckoning         Tloc           8%         N/A       13%         2
 Flame Wave               Conj/Fire      29%        2d9       13%         4
 Airstrike                Air            2%         2d(1-17)  63%         4
 Summon Lightning Spire   Summ/Air       4%         N/A       63%         4


Dungeon Overview and Level Annotations

Branches:
Dungeon (4/15)
 Temple: D:4-7

Altars:
Cheibriados


Message History

The orc priest's fire resistance burns away.
The foxfire hits the orc priest!
The orc priest is heavily wounded.
The orc priest looks braver for a moment.
Unknown command.
Casting: Scorch (safe; 1% risk of failure)
Confirm with . or Enter, or press ? or * to list all spells.
Flames lash something.
Unknown command.
Casting: Scorch (safe; 1% risk of failure)
Confirm with . or Enter, or press ? or * to list all spells.
Flames lash the orc priest.
You kill the orc priest!
Cheibriados appreciates the change of pace.
Cheibriados raises the support of your attributes as your movement slows.
The orc priest hits you with a +0 club.
You hear some strange, mumbled words.
You are confused.
You're too confused to cast spells.
Found 6 stones and a scroll labelled ICEUPL UKIASEX.
Found an escape hatch in the ceiling.
The orc priest is no longer more vulnerable to fire.
The orc priest hits you but does no damage.
Something hits you. Something freezes you.
The orc priest hits you with a +0 club.
* * * LOW HITPOINT WARNING * * *
You barely miss something. The orc priest hits you with a +0 club.
* * * LOW HITPOINT WARNING * * *
Something hits you.
* * * LOW HITPOINT WARNING * * *
Something freezes you.
* * * LOW HITPOINT WARNING * * *
Unknown command.
Okay, then.
Unknown command.
You hit the orc priest but do no damage.
The orc priest is lightly wounded.
The orc priest calls down the wrath of Beogh upon you.
Beogh smites you!
You die...

#..........##........# #..##
##...####...###..>....# #.##
..............>..##.#.# #.#
.....######†.###....#.######.#
..#.## ##.......# #..##....#
###.# #........####..#.####
#.# ?...........##...#### ##.#
<.................).# ##..#
.......@.#...#######...# #..##
(......o)##### .# ..##
......†..# ### #......... #
........)## .........#
.........# ..........


You could see an orc priest.

Vanquished Creatures
  2 scorpions (D:4)
  A howler monkey (D:4)
  2 orc priests
  An orc wizard (D:4)
  3 adders (D:3)
  4 gnolls (D:3)
  2 dart slugs
  3 orcs (D:3)
  12 ball pythons
  7 bats
  5 endoplasms
  3 giant cockroaches
  5 goblins
  2 hobgoblins
  7 jackals (D:4)
  7 kobolds
  3 quokkas (D:3)
  5 frilled lizards
  2 rats (D:1)
76 creatures vanquished.

Vanquished Creatures (others)
  262 foxfires
262 creatures vanquished.

Grand Total: 338 creatures vanquished

Notes
Turn   | Place    | Note
-------+----------+-------------------------------------------
     0 | D:1      | cdecastro the Deep Elf Fire Elementalist began the quest
                  | for the Orb.
     0 | D:1      | Reached XP level 1. HP: 10/10 MP: 6/6
   311 | D:1      | Reached XP level 2. HP: 15/15 MP: 5/8
   402 | D:1      | Reached skill level 4 in Fire Magic
  1037 | D:2      | Learned a level 2 spell: Scorch
  1386 | D:2      | Found a snail-covered altar of Cheibriados.
  1507 | D:2      | Reached XP level 3. HP: 19/19 MP: 6/9
  1882 | D:2      | Became a worshipper of Cheibriados the Contemplative
  2195 | D:3      | Reached skill level 5 in Fire Magic
  2473 | D:3      | Reached XP level 4. HP: 24/24 MP: 10/10
  2644 | D:3      | Reached * piety under Cheibriados
  2645 | D:3      | Reached skill level 6 in Fire Magic
  2654 | D:3      | Reached XP level 5. HP: 28/28 MP: 11/11
  2704 | D:3      | Found a faded altar of an unknown god.
  3317 | D:4      | Reached skill level 7 in Fire Magic
  3453 | D:4      | Reached XP level 6. HP: 32/32 MP: 12/12
  3460 | D:4      | Reached ** piety under Cheibriados
  3617 | D:4      | Reached skill level 8 in Fire Magic
  3622 | D:4      | Killed from afar by an orc priest

Illustrated notes

Levels and vault maps discovered:
D:1:      saegor_arrival_under_anarchy, layout_rooms
D:2:      layout_loops_ring, serial_forest, infiniplex_forest_lined_corner,
          infiniplex_forest_clump_cross, infiniplex_forest_3_way,
          infiniplex_forest_clump_small, infiniplex_forest_clump_medium,
          infiniplex_forest_lined_1, infiniplex_forest_end_3, basic_altar,
          minmay_cut_off
D:3:      layout_basic, hellmonk_ecumenical_altar_zigzags,
          kennysheep_generic_room_13
D:4:      layout_rooms, led_sif_pool, minmay_temple_entry_purple_smoke

Skill      XL: |  1  2  3  4  5  6 |
---------------+-------------------+-----
Fire Magic     | 4 5 6 7 8 |  8.0
Dodging        | |  2.4
Stealth        | |  2.4
Spellcasting   | |  3.6
Conjurations   | |  1.1

Action                     |  1- 3 |  4- 6 || total
---------------------------+-------+-------++-------
  Melee: Unarmed           |     4 |       ||     4
         Punch             |     1 |       ||     1
         Dagger            |       |     2 ||     2
   Cast: Foxfire           |    90 |    68 ||   158
         Scorch            |     4 |    13 ||    17
 Armour: Robe              |     3 |     7 ||    10
  Dodge: Dodged            |     6 |       ||     6
